 Dungeon Crawl Stone Soup version 0.28-a0-1396-gdcb3f3653b (webtiles) character file.

Game seed: 1402025059867251964

7162 Lekart the Slicer (level 10, -21/115 HPs)
             Began as a Pale Draconian Fighter on Jan 5, 2022.
             Was a Plaything of Xom.
             Demolished by a large slime creature (25 damage)
             ... on level 9 of the Dungeon.
             The game lasted 00:16:52 (9881 turns).

Lekart the Slicer (Pale Draconian Fighter)          Turns: 9881, Time: 00:16:53

Health: -21/115    AC: 25    Str: 19      XL:     10   Next: 86%
Magic:  0/10       EV:  2    Int:  8      God:    Xom [*.....]
Gold:   514        SH:  6    Dex: 14 (15) Spells: 9/9 levels left

rFire   . . .      SeeInvis +   a - +0 long sword (freeze)
rCold   . . .      Faith    .   b - +0 buckler
rNeg    . . .      Spirit   +   (armour unavailable)
rPois   +          Reflect  .   (helmet currently unavailable)
rElec   .          Harm     .   (cloak currently unavailable)
rCorr   .          Rampage  .   (gloves currently unavailable)
Will    +....      Clarity  +   (boots currently unavailable)
Stlth   +++....... NoTele   +   v - amulet of guardian spirit
HPRegen 0.29/turn               (no ring)
MPRegen 0.12/turn               (no ring)

@: mighty, tree-form, unable to read
A: stationary, stasis, torment immunity, boosted hp, (breathe steam), AC +7,
unfitting armour, (cold-blooded), (steam resistance), (hooves 1), see invisible,
clarity, (cold resistance 1), deterioration 1, frail 1, strong-willed 1, sense
surroundings 1, (teleportitis 1), inability to read while threatened, noise
suppression
a: Renounce Religion


You were on level 9 of the Dungeon.
You worshipped Xom.
You were a special plaything of Xom.
You were a tree.
You visited 2 branches of the dungeon, and saw 10 of its levels.

You collected 514 gold pieces.

Inventory:

Hand Weapons
 a - a +0 long sword of freezing (weapon)
 e - the +7 dagger of Ureasau {venom, Dex+3}
   (You found it on level 5 of the Dungeon)

   It poisons the flesh of those it strikes.
   Dex:       It affects your dexterity (+3).
 o - a +4 dire flail of holy wrath
 r - a +1 whip of flaming
Missiles
 g - 9 javelins
 m - 3 throwing nets
 u - 59 poisoned darts (quivered)
 B - 6 curare-tipped darts
Armour
 b - a +0 buckler (worn)
 h - a +0 pair of gloves (melded)
 n - a scarf of repulsion (melded)
 s - a +0 pair of boots (melded)
Jewellery
 v - an amulet of guardian spirit (around neck)
 x - a ring of protection from cold
Wands
 j - a wand of mindburst (17)
 k - a wand of polymorph (9)
Scrolls
 i - a scroll of fear
 q - a scroll of summoning
 t - 2 scrolls of identify
 w - a scroll of teleportation
 y - a scroll of blinking
 z - a scroll of enchant armour
Potions
 c - 2 potions of might
 d - 3 potions of lignification
 f - 2 potions of curing
 l - a potion of ambrosia
 p - a potion of cancellation
 A - a potion of flight


   Skills:
 + Level 7.4 Fighting
 + Level 8.2(8.9) Short Blades
 + Level 5.0(7.3) Long Blades
 + Level 4.5 Throwing
 + Level 7.2 Dodging
 + Level 5.6 Stealth
 + Level 7.0 Shields
 + Level 1.0 Evocations


You had 9 spell levels left.
You didn't know any spells.
Your spell library contained the following spells:

 Spells                   Type           Power      Damage    Failure   Level
 Sting                    Tmut/Pois      0%         1d3       41%         1
 Poisonous Vapours        Pois/Air       0%         N/A       54%         2
 Scorch                   Fire           0%         2d5       54%         2
 Static Discharge         Conj/Air       0%         N/A       54%         2
 Inner Flame              Hex/Fire       0%         N/A       78%         3
 Cause Fear               Hex            0%         N/A       99%         4
 Dispel Undead            Necr           0%         3d6       99%         4
 Flame Wave               Conj/Fire      0%         2d4       99%         4
 Olgreb's Toxic Radiance  Pois           0%         N/A       99%         4
 Sticky Flame             Conj/Fire      0%         2d3       99%         4
 Summon Cactus Giant      Summ           0%         N/A       100%        6
 Discord                  Hex            0%         N/A       100%        8


Dungeon Overview and Level Annotations

Branches:
Dungeon (9/15)             Temple (1/1) D:6
   Lair: D:8-11         Orc: D:9-12

Altars:
Ashenzari
Cheibriados
Dithmenos
Elyvilon
Fedhas
Gozag
Hepliaklqana
Kikubaaqudgha
Nemelex Xobeh
Okawaru
Qazlal
Ru
Sif Muna
Trog
Uskayaw
Vehumet
Wu Jian
Xom
Yredelemnul
The Shining One

Shops:
D:3 (


Innate Abilities, Weirdness & Mutations

You are a tree.
Your roots penetrate the ground, keeping you stationary.
You cannot be teleported.
You are immune to unholy pain and torment.
Your maximum health is greatly increased.
Your equipment is partially melded.
((You can breathe blasts of scalding, opaque steam.))
((Your pale cyan-grey scales are hard. (AC +7)))
You cannot fit into any form of body armour.
((You are cold-blooded and may be slowed by cold attacks.))
((You are immune to the effects of steam.))
((You have large cloven feet.))
You have supernaturally acute eyesight. (SInv)
You possess an exceptional clarity of mind.
((Your flesh is cold resistant. (rC+)))
Your body sometimes deteriorates upon taking damage.
You are frail. (-10% HP)
You are strong-willed. (Will+)
You passively map a small area around you.
((You are occasionally teleported next to monsters.))
You sometimes lose the ability to read scrolls when taking damage.
You passively dampen the noise of your surroundings.


Message History

Your scarf of repulsion melds into your body.
Your +0 pair of gloves melds into your body.
Your +0 pair of boots melds into your body.
The haze of the repulsion field disappears.
Your roots penetrate the ground.
You hit the large slime creature.
The large slime creature is moderately wounded.
You hit the large slime creature.
The large slime creature is moderately wounded.
The large slime creature hits you but does no damage.
You hit the large slime creature.
The large slime creature is moderately wounded.
The +7 dagger of Ureasau {venom, Dex+3} stops dripping with poison.
Your +0 long sword of freezing glows with a cold blue light!
a - a +0 long sword of freezing (weapon)
You block the large slime creature's attack.
You slash the large slime creature! You freeze the large slime creature.
The large slime creature is moderately wounded.
The large slime creature hits you but does no damage.
You slash the large slime creature! You freeze the large slime creature.
The large slime creature is heavily wounded.
The large slime creature hits you!
You feel threatened and lose the ability to read scrolls!
You hit the large slime creature. You freeze the large slime creature.
The large slime creature is heavily wounded.
You can read scrolls again.
The large slime creature hits you!!
You feel threatened and lose the ability to read scrolls!
* * * LOW HITPOINT WARNING * * *
Your body deteriorates!
You feel clumsy.
You feel better. The large slime creature hits you.
* * * LOW HITPOINT WARNING * * *
You slash the large slime creature! You freeze the large slime creature.
The large slime creature is heavily wounded.
The large slime creature hits you!!
* * * LOW HITPOINT WARNING * * *
You feel very mighty all of a sudden. The large slime creature hits you!!
You die...
Xom giggles madly!

* , ,
<...# *
....# *
,, * ≈
≈... ,
, # ≈..
* , ,
#.,+ ..
* +*
#≈###§#
#§≈≈§≈#
#,* #♣#
#.####
#J#
#....#
#G#
####'#
#.#
#.....
#.#
#.....
##.#
#.....
#..#
#.....
#^##
#####+
#.# *


You could see a large slime creature and an eye of devastation (poisoned).

Vanquished Creatures
  3 two-headed ogres (D:9)
  Pikel (D:6)
  An ugly thing (D:7)
  A torpor snail (D:9)
  A kobold demonologist (D:8)
  A wraith (D:8)
  A hog (D:7)
  Edmund (D:6)
  A water moccasin (D:6)
  Duvessa (D:7)
  2 sky beasts
  A necrophage (D:5)
  2 orc warriors (D:7)
  A black bear (D:5)
  An ogre (D:5)
  A centaur (D:7)
  2 lemures (D:6)
  A phantom (D:6)
  12 kobold brigands (D:8)
  Blork the orc (D:5)
  3 bullfrogs
  3 scorpions
  A wyvern zombie (D:5)
  Dowan (D:7)
  5 killer bees (D:7)
  A vampire bat (D:4)
  3 centaur zombies
  A bullfrog zombie (D:5)
  3 orc priests
  2 hounds (D:4)
  2 jellies
  A bullfrog skeleton (D:6)
  2 centaur skeletons
  Ijyb (D:5)
  2 scorpion zombies (D:5)
  3 iguanas
  2 killer bee zombies
  3 hound zombies (D:5)
  2 hound skeletons (D:5)
  A gnoll (D:9)
  3 adders
  A howler monkey skeleton (D:5)
  2 shadow imps
  2 ufetubi
  2 adder skeletons (D:4)
  4 worms
  4 dart slugs
  6 orcs
  A bat skeleton (D:4)
  4 bat zombies (D:4)
  5 endoplasms
  5 giant cockroaches
  8 goblins
  7 hobgoblins
  14 jackals
  9 kobolds
  4 quokkas
  3 ball pythons
  8 bats
  3 frilled lizards
  A quokka skeleton (D:4)
  5 rats
179 creatures vanquished.

Vanquished Creatures (collateral kills)
  3 kobold brigands (D:8)
  A jackal (D:3)
  A bat (D:3)
5 creatures vanquished.

Grand Total: 184 creatures vanquished

Notes
Turn   | Place    | Note
-------+----------+-------------------------------------------
     0 | D:1      | Lekart the Draconian Fighter began the quest for the Orb.
     0 | D:1      | Reached XP level 1. HP: 19/19 MP: 1/1
   337 | D:1      | Reached XP level 2. HP: 26/26 MP: 2/2
   968 | D:1      | Reached XP level 3. HP: 31/31 MP: 3/3
  1342 | D:2      | Found a faded altar of an unknown god.
  1360 | D:2      | Prayed at the altar of an unknown god.
  1360 | D:2      | Became a worshipper of Xom of Chaos
  1379 | D:2      | Noticed Terence
  1385 | D:2      | XOM: smoke on damage
  1397 | D:2      | Noticed Terence
  1397 | D:2      | Terence changed into Terence the hobgoblin
  1398 | D:2      | Killed Terence the hobgoblin
  1454 | D:2      | XOM: silly message
  1728 | D:2      | Found a radiant altar of Vehumet.
  1876 | D:2      | Reached XP level 4. HP: 34/40 MP: 4/4
  2483 | D:2      | XOM: summons 4 hostile shadow creatures
  2618 | D:3      | XOM: 1-stop teleportation journey
  2662 | D:3      | XOM: summons friendly crimson imp
  2703 | D:3      | XOM: polymorph crimson imp -> lemure
  2970 | D:3      | XOM: cast spell 'Call Canine Familiar'
  3086 | D:3      | XOM: silly message
  3118 | D:3      | Found Eloj's Weapon Boutique.
  3326 | D:4      | Found a shadowy altar of Dithmenos.
  3379 | D:4      | Reached XP level 5. HP: 40/46 MP: 5/5
  3449 | D:4      | Found an iron altar of Okawaru.
  3631 | D:4      | Gained mutation: You have hidden genetic defects. [potion
                  | of mutation]
  3631 | D:4      | Gained mutation: You sometimes lose the ability to read
                  | scrolls when taking damage. [potion of mutation]
  3631 | D:4      | Gained mutation: You have sharp toenails. [potion of
                  | mutation]
  3632 | D:4      | Lost mutation: You have sharp toenails. [potion of
                  | mutation]
  3632 | D:4      | Lost mutation: You sometimes lose the ability to read
                  | scrolls when taking damage. [potion of mutation]
  3632 | D:4      | Gained mutation: You have large cloven feet. [potion of
                  | mutation]
  3632 | D:4      | Gained mutation: Your muscles are strong. (Str +2) [potion
                  | of mutation]
  3632 | D:4      | Lost mutation: You have hidden genetic defects. [potion of
                  | mutation]
  3632 | D:4      | Gained mutation: You possess an exceptional clarity of
                  | mind. [potion of mutation]
  3674 | D:4      | Found a shimmering blue altar of Sif Muna.
  3805 | D:4      | Found an ancient bone altar of Kikubaaqudgha.
  3806 | D:4      | XOM: confuse monster(s)
  4074 | D:4      | Found a sparkling altar of Nemelex Xobeh.
  4135 | D:5      | Entered Level 5 of the Dungeon
  4141 | D:5      | Identified the +7 dagger of Ureasau {venom, Dex+3}
  4184 | D:5      | Noticed a necrophage
  4200 | D:5      | Killed a necrophage
  4201 | D:5      | Reached XP level 6. HP: 47/52 MP: 4/6
  4264 | D:5      | XOM: give mutations
  4264 | D:5      | Gained mutation: Your magical capacity is low. (-10% MP)
                  | [Xom's mischief]
  4264 | D:5      | Gained mutation: You are frail. (-10% HP) [Xom's mischief]
  4299 | D:5      | XOM: butterfly on damage
  4304 | D:5      | Reached skill level 1 in Short Blades
  4432 | D:5      | XOM: 1-stop teleportation journey
  4496 | D:5      | Reached skill level 1 in Stealth
  4540 | D:5      | Your scales start taking on a pale cyan-grey colour.
  4540 | D:5      | Reached XP level 7. HP: 50/54 MP: 6/6
  4540 | D:5      | Gained mutation: You are immune to the effects of steam.
                  | [Pale Draconian growth]
  4540 | D:5      | Noticed Ijyb
  4550 | D:5      | Reached skill level 5 in Long Blades
  4617 | D:5      | Noticed Blork the orc
  4624 | D:5      | XOM: smoke on damage
  4626 | D:5      | Killed Blork the orc
  4627 | D:5      | Reached skill level 2 in Short Blades
  4630 | D:5      | Killed Ijyb
  4712 | D:5      | XOM: give mutation
  4712 | D:5      | Gained mutation: You are clumsy. (Dex -2) [Xom's mischief]
  4729 | D:5      | Found a basalt altar of Yredelemnul.
  4880 | D:5      | XOM: give mutations
  4880 | D:5      | Lost mutation: Your magical capacity is low. (-10% MP)
                  | [Xom's mischief]
  4880 | D:5      | Lost mutation: Your muscles are strong. (Str +2) [Xom's
                  | mischief]
  4947 | D:5      | Reached skill level 3 in Short Blades
  4981 | D:5      | XOM: give mutations
  4981 | D:5      | Lost mutation: You are clumsy. (Dex -2) [Xom's mischief]
  4981 | D:5      | Gained mutation: You are dopey. (Int -2) [Xom's mischief]
  4981 | D:5      | Gained mutation: You are very frail. (-20% HP) [Xom's
                  | mischief]
  4981 | D:5      | Lost mutation: You are dopey. (Int -2) [Xom's mischief]
  5187 | D:5      | XOM: summons 1 hostile shadow creature
  5193 | D:6      | Noticed Pikel
  5217 | D:6      | Killed Pikel
  5218 | D:6      | Reached skill level 5 in Fighting
  5218 | D:6      | Reached skill level 4 in Short Blades
  5218 | D:6      | Reached skill level 5 in Shields
  5218 | D:6      | Reached XP level 8. HP: 45/54 MP: 6/8
  5395 | D:6      | Reached skill level 5 in Short Blades
  5469 | D:6      | XOM: give mutations
  5469 | D:6      | Gained mutation: You sometimes lose the ability to read
                  | scrolls when taking damage. [Xom's mischief]
  5470 | D:6      | XOM: noise
  5501 | D:6      | XOM: cast spell 'Necromutation'
  5645 | D:6      | Noticed Edmund
  5658 | D:6      | Killed Edmund
  5767 | D:6      | Reached skill level 6 in Short Blades
  5827 | D:6      | Found a staircase to the Ecumenical Temple.
  5849 | D:6      | XOM: cast spell 'Metabolic Englaciation'
  5859 | D:6      | Reached skill level 5 in Dodging
  5874 | Temple   | Entered the Ecumenical Temple
  6546 | D:7      | Noticed Dowan
  6548 | D:7      | Noticed Duvessa
  6556 | D:7      | Killed Dowan
  6557 | D:7      | Reached XP level 9. HP: 60/60 MP: 9/9
  6559 | D:7      | Killed Duvessa
  6560 | D:7      | Reached skill level 1 in Throwing
  6863 | D:7      | XOM: enchant monster (bad)
  6868 | D:7      | XOM: enchant monster (bad)
  7023 | D:7      | XOM: polymorph wyvern -> hog
  7207 | D:7      | XOM: scenery: 1 doors close
  7647 | D:7      | XOM: cloud trail
  7733 | D:7      | Noticed a purple ugly thing
  7736 | D:7      | XOM: fog
  7743 | D:7      | Killed a purple ugly thing
  7881 | D:7      | XOM: give mutations
  7881 | D:7      | Gained mutation: You are extremely frail. (-30% HP) [Xom's
                  | mischief]
  7881 | D:7      | Gained mutation: You occasionally shout uncontrollably at
                  | your foes. [Xom's mischief]
  7881 | D:7      | Gained mutation: You passively map a small area around you.
                  | [Xom's mischief]
  8045 | D:7      | Reached skill level 7 in Short Blades
  8199 | D:7      | XOM: butterfly on damage
  8316 | D:7      | XOM: summons 1 hostile demon
  8466 | D:8      | Found a bloodstained altar of Trog.
  8954 | D:8      | XOM: give mutations
  8954 | D:8      | Lost mutation: You occasionally shout uncontrollably at
                  | your foes. [Xom's mischief]
  8954 | D:8      | Gained mutation: You are occasionally teleported next to
                  | monsters. [Xom's mischief]
  8954 | D:8      | Gained mutation: Your body sometimes deteriorates upon
                  | taking damage. [Xom's mischief]
  8961 | D:8      | Found a snail-covered altar of Cheibriados.
  9011 | D:8      | XOM: scenery: create altars
  9117 | D:8      | Noticed a kobold demonologist
  9119 | D:8      | XOM: divination: detect creatures
  9121 | D:8      | XOM: scenery: summon butterflies
  9123 | D:8      | XOM: divination: detect creatures
  9138 | D:8      | Reached XP level 10. HP: 49/58 MP: 7/10
  9150 | D:8      | XOM: cast spell 'Monstrous Menagerie'
  9151 | D:8      | XOM: potion effect (heal wounds)
  9162 | D:8      | XOM: summons 3 friendly demons
  9268 | D:8      | XOM: give mutations
  9268 | D:8      | Gained mutation: You have supernaturally acute eyesight.
                  | (SInv) [Xom's grace]
  9268 | D:8      | Gained mutation: You are strong-willed. (Will+) [Xom's
                  | grace]
  9338 | D:9      | Noticed a two-headed ogre
  9342 | D:9      | XOM: 5-stop teleportation journey
  9424 | D:9      | Noticed a two-headed ogre
  9426 | D:9      | Killed a two-headed ogre
  9448 | D:9      | Reached skill level 5 in Stealth
  9484 | D:9      | Noticed a two-headed ogre
  9487 | D:9      | XOM: give mutations
  9487 | D:9      | Gained mutation: You passively dampen the noise of your
                  | surroundings. [Xom's grace]
  9487 | D:9      | Lost mutation: You are extremely frail. (-30% HP) [Xom's
                  | grace]
  9487 | D:9      | Gained mutation: Your flesh is cold resistant. (rC+) [Xom's
                  | grace]
  9487 | D:9      | Lost mutation: You are very frail. (-20% HP) [Xom's grace]
  9496 | D:9      | Killed a two-headed ogre
  9497 | D:9      | Reached skill level 8 in Short Blades
  9558 | D:9      | XOM is BORED!
  9558 | D:9      | XOM: summons 3 hostile shadow creatures
  9581 | D:9      | XOM: fog
  9603 | D:9      | XOM: enchant monster (good)
  9604 | D:9      | Killed a two-headed ogre
  9605 | D:9      | XOM: cloud trail
  9765 | D:9      | Noticed an eye of devastation
  9765 | D:9      | a slime creature changed into an eye of devastation
  9765 | D:9      | Noticed a torpor snail
  9765 | D:9      | a slime creature changed into a torpor snail
  9765 | D:9      | XOM: polymorph large slime creature -> torpor snail
  9774 | D:9      | XOM: 3-stop teleportation journey
  9778 | D:9      | Killed a torpor snail
  9779 | D:9      | Reached skill level 1 in Evocations
  9843 | D:9      | XOM: fog
  9867 | D:9      | XOM: silly message
  9880 | D:9      | HP: 4/115 [large slime creature (24)]
  9881 | D:9      | Demolished by a large slime creature

Illustrated notes

Levels and vault maps discovered:
D:1:      shiori_arrival_oz, layout_basic
D:2:      layout_basic, basic_altar, hellmonk_ecumenical_altar_lost_god,
          minmay_split_cup_large, uniq_terence
D:3:      layout_loops_cross, serial_shops, nicolae_shop_bloodbath_and_beyond,
          hangedman_feature_mirror, grunt_decor_fettered
D:4:      layout_loops_ring, okawaru_ov_weapons_minmay,
          kennysheep_vampire_church, nicolae_sif_muna_little_library,
          grunt_temple_overflow_open
D:5:      layout_loops_cross, nicolae_yredelemnul_corpse_copse,
          uniq_blork_the_orc, uniq_ijyb
D:6:      layout_loops_cross, minmay_temple_entry_antechambers, uniq_pikel,
          uniq_edmund
D:7:      layout_loops_corners, uniq_duvessa
D:8:      layout_gridville, chei_slow_surprise, bloody_trog, special_room
          [special_room_kobold], grunt_decor_junction
D:9:      layout_roguey, kennysheep_mini_moat, david_orc_4
Temple:   minmay_temple_forest_path

Skill      XL: |  1  2  3  4  5  6  7  8  9 10 |
---------------+-------------------------------+-----
Dodging        | 3 4 5 6 7 |  7.2
Long Blades    | 3 4 5 |  5.0
Fighting       | 4 5 6 7 |  7.4
Shields        | 4 5 6 7 |  7.0
Short Blades   | 1 4 6 7 8 |  8.2
Stealth        | 1 2 3 4 5 |  5.6
Throwing       | 4 |  4.5
Evocations     | 1 |  1.0

Action                   |  1- 3 |  4- 6 |  7- 9 | 10-12 || total
-------------------------+-------+-------+-------+-------++-------
Melee: Long sword        |   105 |   138 |       |     4 ||   247
       Tailslap          |    10 |    26 |    60 |    20 ||   116
       Dagger            |       |    55 |   286 |    94 ||   435
Throw: Javelin           |    13 |     1 |       |       ||    14
       Dart              |       |       |    38 |     2 ||    40
 Abil: Breathe Steam     |       |       |     5 |     4 ||     9
Evoke: Wand              |     1 |       |       |     4 ||     5
  Use: Scroll            |       |     9 |     8 |       ||    17
       Potion            |       |     6 |       |     4 ||    10
 Stab: Sleeping          |       |     1 |     8 |     2 ||    11
       Distracted        |       |       |       |     1 ||     1
       Petrifying        |       |       |       |     1 ||     1
Armor: Skin              |    32 |    90 |    64 |    16 ||   202
Dodge: Dodged            |    51 |   162 |   143 |    46 ||   402
       Repelled          |       |     1 |       |     1 ||     2
Block: Buckler           |    27 |    66 |    73 |    19 ||   185

Table legend: (Time is in decaauts)
 A = Elapsed time spent in this place.
 B = Non-inter-level travel time spent in this place.
 C = Inter-level travel time spent in this place.
 D = Time resting spent in this place.
 E = Time spent auto-exploring this place.
 F = Levels seen in this place.
 G = Mean time per level.
                   A        B        C        D        E       F      G
               +--------+--------+--------+--------+--------+-----+--------+
         Total |   9836 |   9546 |    290 |   1394 |   6468 |  10 |  983.6 |
       Dungeon |   9452 |   9186 |    266 |   1394 |   6121 |   9 | 1050.2 |
        Temple |    383 |    359 |     24 |      0 |    347 |   1 |  383.0 |
               +--------+--------+--------+--------+--------+-----+--------+

Top non-repeatable levels by time:
     D:7: 1763 daAuts
     D:2: 1526 daAuts
     D:1: 1105 daAuts
     D:5: 1038 daAuts
     D:8: 982 daAuts
     D:6: 906 daAuts
     D:4: 825 daAuts
     D:3: 747 daAuts
     D:9: 557 daAuts
  Temple: 383 daAuts
